 Dungeon Crawl Stone Soup version 0.17.0-25-gefc9c12 (console) character file.

186 gw the Sneak (level 5, -8/46 HPs)
             Began as a Deep Dwarf Assassin on Nov 19, 2015.
             Mangled by a shadow (29 damage)
             ... created by the darkness of Dithmenos
             ... on level 4 of the Dungeon.
             The game lasted 00:04:15 (2696 turns).

gw the Sneak (Deep Dwarf Assassin)                  Turns: 2696, Time: 00:04:15

Health: -8/46      AC: 13    Str: 18      XL:     5   Next: 38%
Magic:  5/5        EV:  5    Int: 11      God:
Gold:   243        SH:  0    Dex: 14 (15) Spells: 0 memorised, 4 levels left

rFire  . . .     SeeInvis .     a - +2 dagger
rCold  . . .     Clarity  .     m - +0 plate armour
rNeg   . . .     SustAt   .     (no shield)
rPois  +         Gourm    .     (no helmet)
rElec  .         Spirit   .     d - +0 cloak
rCorr  .         Warding  .     p - +0 pair of gloves
rMut   .         Stasis   .     (no boots)
MR     .....                    (no amulet)
Stlth  ..........               l - ring of poison resistance
                                k - +3 ring of strength

@: non-regenerating, not resistant to hostile enchantments, extremely unstealthy
A: damage resistance, recharge devices, sense surroundings 1, slow regeneration
3
a: Device Recharging


You were on level 4 of the Dungeon.
You were not hungry.

You visited 1 branch of the dungeon, and saw 4 of its levels.

You collected 243 gold pieces.

Inventory:

Hand Weapons
 a - a +2 dagger (weapon)
 b - a +0 blowgun
Missiles
 f - a curare-tipped needle
Armour
 d - a +0 cloak (worn)
 m - a +0 plate armour (worn)
 p - a +0 pair of gloves (worn)
Jewellery
 k - a +3 ring of strength (left hand)
 l - a ring of poison resistance (right hand)
Wands
 g - a wand of heal wounds (1)
Scrolls
 o - 3 scrolls of remove curse
 q - 2 scrolls of identify
Potions
 n - a potion of ambrosia
Comestibles
 c - 2 meat rations
 h - 3 bread rations
 r - a slice of pizza
 s - 3 fruits


   Skills:
 + Level 2.5 Fighting
 * Level 3.7 Short Blades
 + Level 2.6 Throwing
 + Level 2.0 Armour
 - Level 1.1 Dodging
 - Level 4.8 Stealth
   Level 0.0 Invocations
 - Level 1.0 Evocations


You had 4 spell levels left.
You didn't know any spells.

Dungeon Overview and Level Annotations

Branches:
Dungeon (4/15)
 Temple: D:4-7

Altars:
Ashenzari
Dithmenos
Kikubaaqudgha
Ru


Innate Abilities, Weirdness & Mutations

You are resistant to damage.
You can recharge devices by infusing magical energy.
You passively map a small area around you.
You do not regenerate naturally.


Message History

The adder skeleton bites you but does no damage.
MOVING TO (0,2)
You hit something but do no damage.
The shadow strikes at you from the darkness!
Reactivating autopickup.
The adder skeleton bites you but does no damage.
Evoke which item? (* to show all) (? for menu, Esc to quit)
Zapping:
g - a wand of heal wounds (2)
Press: ? - help, Shift-Dir - straight line, f - you You feel much better.
This wand has 1 charge left.
The shadow slips into darkness.
The shadow flickers and vanishes!
Deactivating autopickup; reactivate with Ctrl-A.
The adder skeleton bites you but does no damage.
MOVING TO (0,2)
Your plate armour prevents you from hitting something.
The adder skeleton barely misses you.
The shadow strikes at you from the darkness!
Ouch! That really hurt!
You die...

, , , * #### #.. ,, ,* .... * #..
,############# ..... #..
#<..........##..... #..
*###.#######............ ..####..
,...................... ......>.
#..####.##............ ..#####.
#..## #.######Z##. #. ###...# #.#
#g# * #/ ....#.###.# ####{#######
#. .....<....#
#(...##....#########. ..........#
#.#####....##........ ...###.##.#
#.#........##........ ...# #.##.#
#.#.##.....##........ ...# #.##.#
#.#.##......'........ ...###..#.#
#.#.##.....##........
...........*#.....(%...##.......?


You could see an adder skeleton.

Table legend:
 A = Turns spent in this place as a percentage of turns spent in the entire game.
 B = Non-inter-level travel turns spent in this place as a percentage of non-inter-level travel turns spent in the entire game.
 C = Inter-level travel turns spent in this place as a percentage of turns spent in this place.
 D = Turns resting spent in this place as a percentage of non-inter-level travel turns spent in this place.
 E = Turns spent auto-exploring this place as a percentage of non-inter-level travel turns spent in this place.
 F = Non-inter-level travel turns spent in this place divided by the number of levels of this place that you've seen.
                   A       B       C       D       E      F
               +-------+-------+-------+-------+-------+----------------------
         Total | 100.0 | 100.0 |   0.9 |   0.1 |   2.3 | 1538.8
       Dungeon | 100.0 | 100.0 |   0.9 |   0.1 |   2.3 | 1538.8
               +-------+-------+-------+-------+-------+----------------------

Table legend:
 A = Kills in this place as a percentage of kills in entire the game.
 B = Kills by you in this place as a percentage of kills by you in the entire game.
 C = Kills by friends in this place as a percentage of kills by friends in the entire game.
 D = Other kills in this place as a percentage of other kills in the entire game.
 E = Experience gained in this place as a percentage of experience gained in the entire game.
 F = Experience gained in this place divided by the number of levels of this place that you have seen.
                   A       B       C       D       E      F
               +-------+-------+-------+-------+-------+----------------------
         Total | 100.0 | 100.0 |  -nan |  -nan | 100.0 |  66.8
       Dungeon | 100.0 | 100.0 |  -nan |  -nan | 100.0 |  66.8
               +-------+-------+-------+-------+-------+----------------------

Vanquished Creatures
  A scorpion (D:4)
  5 adders
  An adder skeleton (D:4)
  A worm (D:4)
  2 giant geckos
  3 orcs (D:4)
  A ball python (D:1)
  4 giant cockroaches
  9 goblins
  9 hobgoblins
  8 jackals
  3 quokkas (D:4)
  7 bats
  5 giant newts
  13 kobolds
  A quokka skeleton (D:4)
  6 rats
79 creatures vanquished.

Notes
Turn   | Place    | Note
--------------------------------------------------------------
     0 | D:1      | gw the Deep Dwarf Assassin began the quest for the Orb.
     0 | D:1      | Reached XP level 1. HP: 19/19 MP: 1/1
   149 | D:1      | Reached XP level 2. HP: 21/26 MP: 2/2
   593 | D:1      | Reached XP level 3. HP: 18/32 MP: 3/3
  1164 | D:2      | Found a shattered altar of Ashenzari.
  1179 | D:2      | Reached skill level 1 in Evocations
  1218 | D:2      | Reached skill level 1 in Armour
  1257 | D:2      | Found a shadowy altar of Dithmenos.
  1262 | D:2      | Became a worshipper of Dithmenos the Shadowed
  1263 | D:2      | Fell from the grace of Dithmenos
  1265 | D:2      | Found an ancient bone altar of Kikubaaqudgha.
  1359 | D:2      | Reached XP level 4. HP: 30/39 MP: 4/4
  2217 | D:3      | Found a sacrificial altar of Ru.
  2375 | D:4      | Reached XP level 5. HP: 24/46 MP: 5/5
  2493 | D:4      | Noticed a shadow
  2493 | D:4      | Noticed a shadow
  2493 | D:4      | Noticed a shadow
  2696 | D:4      | Mangled by a shadow

Action                   |  1- 3 |  4- 6 || total
-------------------------+-------+-------++-------
Melee: Dagger            |   136 |   101 ||   237
 Fire: Blowgun           |    35 |    77 ||   112
Invok: Renounce Religion |     1 |       ||     1
Evoke: Wand              |       |     6 ||     6
  Use: Scroll            |     5 |     3 ||     8
       Potion            |     2 |     2 ||     4
 Stab: Sleeping          |     4 |       ||     4
       Distracted        |     3 |     1 ||     4
  Eat: Chunk             |     2 |     4 ||     6

Vault maps used:
D:1:      minmay_arrival_doors
D:2:      overflow_temple_1_default, minitemple, first_bread
D:3:      nicolae_overflow_hidden_temple
D:4:      gammafunk_temple_overflow_statue
